cohdb
Replays
Latest Replays
All Replays
Popular Replays
Top Player Replays
Match Explorer
How It Works
Community
CoH3 Stats
Reddit
Sign in to upload your games and track your stats! →
Sign in with Steam
Match 43013696
Unlisted
Match 43013696
Overview
Messages
Build Orders
End
Kradschützen Motorcycle Team
Panzerpioneer Squad
Panzerpioneer Squad
Construct Light Support Kompanie
Panzergrenadier Squad
2.5-tonne Medical Truck
Fire Support Elements
Selects Italian Infantry
Selects Defensive Operations
Panzerjäger Mechanized Group
Construct Panzerarmee Kommand
Selects Guastatori Squad
Selects Registered Artillery
Walking Stuka Rocket Launcher
HermannMeier
KameradSchnürschuh
Steffen
GeniusEliteZ
Xizor
Beret
Serial Chiller
karute
0
0
Comments
sign in to comment!
No comments posted yet!